 Dungeon Crawl Stone Soup version 0.30-a0-50-gb2d611f6b1 (webtiles) character file.

Game seed: 12747636997294946057

170 timneilson the Shield-Bearer (level 5, -1/33 HPs)
             Began as a Gargoyle Fighter on Sept 3, 2022.
             Killed from afar by Natasha (4 damage)
             ... with a magic dart
             ... on level 2 of the Dungeon.
             The game lasted 00:02:17 (1874 turns).

timneilson the Shield-Bearer (Gargoyle Fighter)     Turns: 1874, Time: 00:02:18

Health: -1/33      AC:  7    Str: 22    XL:     5   Next: 50%
Magic:  5/5        EV: 18    Int:  8    God:
Gold:   117        SH:  0    Dex:  9    Spells: 4/4 levels left

rFire   + + .      SeeInvis .    (weapon currently unavailable)
rCold   + + .      Faith    .    (shield currently unavailable)
rNeg    + + +      Spirit   .    (body armour currently unavailable)
rPois   ∞          Reflect  .    (helmet currently unavailable)
rElec   +          Harm     .    (cloak currently unavailable)
rCorr   +          Rampage  .    (gloves currently unavailable)
Will    .....                    (boots currently unavailable)
Stlth   +.........               (amulet currently unavailable)
HPRegen 0.11/turn                (ring currently unavailable)
MPRegen 0.09/turn                (ring currently unavailable)

@: wisp-form (expiring), flying, slowed, very slow
A: insubstantial, flying, no casting, sickness immunity, AC +4, tiny, negative
energy resistance 1, (electricity resistance), torment resistance 1,
petrification resistance
a: no special abilities


You were on level 2 of the Dungeon.
You were an insubstantial wisp.
You visited 1 branch of the dungeon, and saw 2 of its levels.

You collected 117 gold pieces.

Inventory:

Hand Weapons
 a - a +0 long sword of flaming (melded)
Armour
 b - a +0 scale mail (melded)
 c - a +0 buckler (melded)
 l - a +0 pair of gloves (melded)
Jewellery
 e - a +4 ring of protection (melded)
Scrolls
 j - a scroll of immolation {unknown}
 k - a scroll of summoning {unknown}
 m - a scroll of identify
 n - a scroll of fear {unknown}
Potions
 d - 3 potions of might
 g - a potion of haste
 h - 2 potions of cancellation
 i - a potion of degeneration {unknown}
 o - a potion of lignification {unknown}


   Skills:
 + Level 3.7 Fighting
 * Level 2.8 Long Blades
 * Level 4.3 Armour
 + Level 1.3 Dodging
 * Level 4.3 Shields


You had 4 spell levels left.
You didn't know any spells.
Your spell library contained the following spells:

 Spells                   Type           Power      Damage    Failure   Level
 Summon Guardian Golem    Hex/Summ       0%         N/A       78%         3
 Orb of Destruction       Conj           0%         9d5       100%        7
 Spellforged Servitor     Conj/Summ      0%         N/A       100%        7


Dungeon Overview and Level Annotations

Branches:
Dungeon (2/15)

Altars:

Annotations:
D:2 Natasha


Innate Abilities, Weirdness & Mutations

You are an insubstantial wisp.
Your tiny insubstantial body is highly resistant to most damage types.
You are flying.
Your equipment is entirely melded.
You are incapable of wielding weapons or throwing items.
You cannot cast spells.
You are immune to sickness and miasma.
((Your stone body is resilient. (AC +4)))
You are immune to poison.
You resist negative energy. (rN+)
((You are resistant to electric shocks. (rElec)))
You are resistant to unholy torment.
You are immune to petrification.


Message History

Your +0 long sword of flaming melds into your body.
Your +0 pair of gloves melds into your body.
Your +0 buckler melds into your body.
Your +0 scale mail melds into your body.
Your +4 ring of protection melds into your body.
Your +0 long sword of flaming stops flaming.
Natasha wildly gestures.
You feel troubled.
Natasha stares at you and mumbles some strange words.
The magic dart hits you. Natasha claws you but does no damage.
Natasha stares at you and mumbles some strange words.
The magic dart hits you!
* * * LOW HITPOINT WARNING * * *
Natasha stares at you and mumbles some strange words.
You feel as though you will be slow longer.
Natasha attacks as you move away! Natasha barely misses you. Natasha claws you.
* * * LOW HITPOINT WARNING * * *
It was a potion of curing.
You feel better. Natasha completely misses you. Natasha casts a spell at you.
You resist with some effort.
You feel better.
Natasha stares at you and mumbles some strange words.
The magic dart hits you! Natasha attacks as you move away!
Natasha closely misses you.
Your transformation is almost over.
Natasha claws you.
There is an open door here.
Natasha attacks as you move away! Natasha misses you.
Natasha hisses.
Natasha stares at you and mumbles some strange words.
You resist with some effort.
Natasha mumbles some strange words.
Natasha attacks as you move away! Natasha barely misses you.
Natasha stares at you and mumbles some strange words.
The magic dart hits you!
* * * LOW HITPOINT WARNING * * *
Natasha stares at you and mumbles some strange words.
The magic dart hits you.
You die...

#.# #@# #.## ######### #..#
#.......# ##.# #.......# .#
####h###.......# .#
#......#.......# .#
#.##[#.#.......######.#
#@##.#.#.h.v........#.#
#....###'##.....###.#.#
#.#####8.8####..###.#.#
#.####.....##...#.....#
######..##8.....8##..#.#.######
#......##.........##.#.......<#
..####.#8.........8#.....###..#
#.####.')..........'.....###..#
....##.#8.........8####..#....###


You could see Natasha.

Vanquished Creatures
  Jessica (D:2)
  Natasha (twice) (D:2)
  Terence (D:2)
  3 adders (D:2)
  2 worms (D:2)
  4 ball pythons
  2 bats (D:1)
  6 endoplasms
  2 giant cockroaches
  3 goblins
  5 hobgoblins
  4 quokkas
  4 frilled lizards
  A rat (D:1)
40 creatures vanquished.

Notes
Turn   | Place    | Note
-------+----------+-------------------------------------------
     0 | D:1      | timneilson the Gargoyle Fighter began the quest for the
                  | Orb.
     0 | D:1      | Reached XP level 1. HP: 14/14 MP: 1/1
   122 | D:1      | Reached XP level 2. HP: 19/19 MP: 2/2
   469 | D:1      | Reached XP level 3. HP: 14/23 MP: 3/3
  1345 | D:2      | Reached XP level 4. HP: 28/28 MP: 4/4
  1356 | D:2      | Noticed Natasha
  1364 | D:2      | Reached skill level 1 in Dodging
  1366 | D:2      | Killed Natasha
  1469 | D:2      | Noticed Terence
  1502 | D:2      | Killed Terence
  1503 | D:2      | Reached XP level 5. HP: 11/33 MP: 5/5
  1768 | D:2      | Noticed Natasha
  1773 | D:2      | Noticed Jessica
  1797 | D:2      | Killed Natasha
  1800 | D:2      | Killed Jessica
  1855 | D:2      | Noticed Natasha
  1874 | D:2      | Killed from afar by Natasha

Illustrated notes

Levels and vault maps discovered:
D:1:      dpeg_arrival_arbitrary_a, layout_rooms
D:2:      layout_loops_cross, dk_noncrumbling_4, uniq_jessica, uniq_natasha,
          uniq_terence

Skill      XL: |  1  2  3  4 |
---------------+-------------+-----
Long Blades    | 2 |  2.8
Dodging        | 1 |  1.3
Armour         | 4 |  4.3
Shields        | 4 |  4.3
Fighting       | |  3.7

Action                   |  1- 3 |  4- 6 || total
-------------------------+-------+-------++-------
Melee: Long sword        |   100 |    43 ||   143
       Unarmed           |       |     9 ||     9
  Use: Scroll            |     5 |       ||     5
       Potion            |       |     2 ||     2
Armor: Scale mail        |    41 |    18 ||    59
       Skin              |       |     5 ||     5
Dodge: Dodged            |    42 |    31 ||    73
Block: Buckler           |    28 |     6 ||    34

Table legend: (Time is in decaauts)
 A = Elapsed time spent in this place.
 B = Non-inter-level travel time spent in this place.
 C = Inter-level travel time spent in this place.
 D = Time resting spent in this place.
 E = Time spent auto-exploring this place.
 F = Levels seen in this place.
 G = Mean time per level.
                   A        B        C        D        E       F      G
               +--------+--------+--------+--------+--------+-----+--------+
         Total |   1926 |   1910 |     16 |      0 |   1530 |   2 |  963.0 |
       Dungeon |   1926 |   1910 |     16 |      0 |   1530 |   2 |  963.0 |
               +--------+--------+--------+--------+--------+-----+--------+

Top non-repeatable levels by time:
     D:2: 1184 daAuts
     D:1: 742 daAuts
